 Dungeon Crawl Stone Soup version 0.29.1-12-g30fa7ad0bf (webtiles) character file.

Game seed: 3134372479599892710

62 xian the Sneak (level 3, 0/18 HPs)
             Began as a Spriggan Brigand on Jan 6, 2023.
             Succumbed to an adder's poison
             ... on level 2 of the Dungeon.
             The game lasted 00:03:17 (1531 turns).

xian the Sneak (Spriggan Brigand)                   Turns: 1531, Time: 00:03:17

Health: 0/18       AC:  3    Str:  8 (9)  XL:     3   Next: 85%
Magic:  4/4        EV: 16    Int: 10 (12) God:
Gold:   111        SH:  0    Dex: 13 (16) Spells: 2/2 levels left

rFire   + . .      SeeInvis +   a - +2 dagger
rCold   . . .      Faith    .   (no shield)
rNeg    . . .      Spirit   .   b - +0 robe
rPois   .          Reflect  .   (helmet restricted)
rElec   .          Harm     .   c - +0 cloak
rCorr   .          Rampage  .   (gloves unavailable)
Will    .....                   (boots unavailable)
Stlth   ++++......              (no amulet)
HPRegen 0.06/turn               m - ring of protection from fire
MPRegen 0.09/turn               (no ring)

@: lethally poisoned (0 -> -11), very quick
A: very small, no large weapons, unfitting armour, see invisible, speed 3
a: no special abilities


You were on level 2 of the Dungeon.
You visited 1 branch of the dungeon, and saw 2 of its levels.

You collected 111 gold pieces.

Inventory:

Hand Weapons
 a - a +2 dagger (weapon)
Missiles
 d - 9 poisoned darts (quivered)
 e - 3 curare-tipped darts
 l - 9 stones
Armour
 b - a +0 robe (worn)
 c - a +0 cloak (worn)
Jewellery
 m - a ring of protection from fire (left hand)
Scrolls
 f - a scroll of enchant armour {unknown}
 h - a scroll of poison {unknown}
 j - a scroll of teleportation {unknown}
 k - a scroll of blinking {unknown}
 n - a scroll of noise {unknown}
 p - a scroll of magic mapping {unknown}
 r - a scroll of amnesia
Potions
 i - a potion of cancellation


   Skills:
 + Level 1.7 Fighting
 + Level 2.7 Short Blades
 + Level 2.0 Throwing
 + Level 1.4 Dodging
 + Level 7.8 Stealth


You had 2 spell levels left.
You didn't know any spells.
Your spell library was empty.

Dungeon Overview and Level Annotations

Branches:
Dungeon (2/15)

Altars:


Innate Abilities, Weirdness & Mutations

You are very small and have problems with some larger weapons.
You are too small for most types of armour.
You have supernaturally acute eyesight. (SInv)
You cover ground extremely quickly. (Speed+++)


Message History

You now have 111 gold pieces (gained 10).
There is an open door here.
As you open the door, it creaks loudly!
A goblin and 2 adders come into view.
The adder hisses angrily. x2; The goblin shouts!
The adder moves out of view.
There is an open door here.
You hit the goblin.
The goblin is moderately wounded.
The adder bites you. The goblin barely misses you.
You hit the adder.
The adder is heavily wounded.
The adder bites you.
You are poisoned.
The adder poisons you!
You hit the adder.
You kill the adder!
You feel sick.
You feel your intelligence returning.
You barely miss the adder. The adder barely misses you.
You miss the adder.
You feel sick. The adder completely misses you.
The adder bites you but does no damage.
You completely miss the adder.
You feel sick. The adder bites you.
You are lethally poisoned!
The adder poisons you!
Unknown command.
Okay, then.
As you read the scroll labelled LUICIA AKKESK, it crumbles to dust.
It is a scroll of identify.
r - a scroll of amnesia
* * * LOW HITPOINT WARNING * * *
You feel sick. The adder bites you.
* * * LOW HITPOINT WARNING * * *
You are more poisoned.
The adder poisons you!
Unknown command.
As you read the scroll labelled GOPNYO MAULA, it crumbles to dust.
You assume a fearsome visage.
The adder looks frightened!
The goblin looks frightened!
It was a scroll of fear.
You die...

#.# #..####).'..#
#.###........#..#
#...#........#..##
#####..#'##..#...#
####..####)..#
#######8.†#..'..##
.#.......##[.#..##
)'......†##..#...#
#######8..#..#..@#
##..######S# ##
#+## #.g# ≈# ....#
≈# ......# ≈#
######## ≈# §# ≈#


You could see an adder (fleeing) and a goblin (fleeing).

Vanquished Creatures
  2 adders (D:2)
  A worm (D:2)
  2 dart slugs (D:1)
  5 ball pythons
  2 bats
  3 endoplasms (D:1)
  2 giant cockroaches
  6 goblins
  3 hobgoblins (D:1)
  2 quokkas (D:2)
  2 kobolds
  4 rats
34 creatures vanquished.

Notes
Turn   | Place    | Note
-------+----------+-------------------------------------------
     0 | D:1      | xian the Spriggan Brigand began the quest for the Orb.
     0 | D:1      | Reached XP level 1. HP: 10/10 MP: 2/2
   197 | D:1      | Reached skill level 6 in Stealth
   378 | D:1      | Reached XP level 2. HP: 11/14 MP: 3/3
   622 | D:1      | Reached skill level 7 in Stealth
  1059 | D:2      | Reached XP level 3. HP: 18/18 MP: 4/4
  1531 | D:2      | Succumbed to an adder's poison

Illustrated notes

Levels and vault maps discovered:
D:1:      lemuel_arrival_room, layout_rooms, serial_forest,
          infiniplex_forest_lined_2, infiniplex_forest_clump_curved,
          infiniplex_forest_lined_2, infiniplex_forest_corner_1,
          infiniplex_forest_fountain, infiniplex_forest_lined_corner,
          infiniplex_forest_clump_small
D:2:      minmay_chambers_of_twos, layout_loops_ring, kennysheep_generic_room_9

Skill      XL: |  1  2 |
---------------+-------+-----
Stealth        | 6 7 |  7.8
Fighting       | |  1.7
Short Blades   | |  2.7
Throwing       | |  2.0
Dodging        | |  1.4

Action                   || total
-------------------------++-------
Melee: Dagger            ||    93
       Punch             ||     1
  Use: Potion            ||     4
       Scroll            ||     2
 Stab: Sleeping          ||    16
Armor: Robe              ||     8
       Skin              ||     7
Dodge: Dodged            ||    39
